 Dungeon Crawl Stone Soup version 0.17.0-18-gaab0e96 (webtiles) character file.

59 TruthSerum the Cudgeler (level 4, 0/50 HPs)
             Began as an Ogre Berserker on Nov 11, 2015.
             Was a Believer of Trog.
             Succumbed to an adder's poison
             ... on level 2 of the Dungeon.
             The game lasted 00:08:27 (1379 turns).

TruthSerum the Cudgeler (Ogre Berserker)            Turns: 1379, Time: 00:08:27

Health: 0/50       AC:  3    Str: 27    XL:     4   Next: 3%
Magic:  4/4        EV: 10    Int:  6    God:    Trog [**....]
Gold:   88         SH:  0    Dex: 10    Spells: 0 memorised, 3 levels left

rFire  . . .     SeeInvis .     a - +0 mace
rCold  . . .     Clarity  .     b - +0 animal skin
rNeg   . . .     SustAt   .     (no shield)
rPois  .         Gourm    .     (helmet restricted)
rElec  .         Spirit   .     (no cloak)
rCorr  .         Warding  .     (gloves unavailable)
rMut   .         Stasis   .     (boots unavailable)
MR     .....                    (no amulet)
Stlth  +.........               (no ring)
                                (no ring)

@: mighty, lethally poisoned (0 -> -8), very slightly contaminated, invisible,
not resistant to hostile enchantments, very unstealthy
A: unfitting armour, tough skin 1
a: Berserk, Trog's Hand, Burn Spellbooks, Renounce Religion


You were on level 2 of the Dungeon.
You worshipped Trog.
Trog was pleased with you.
You were not hungry.

You visited 1 branch of the dungeon, and saw 2 of its levels.

You collected 88 gold pieces.

Inventory:

Hand Weapons
 a - a +0 mace (weapon)
Armour
 b - a +0 animal skin (worn)
Scrolls
 e - 2 scrolls of remove curse {unknown}
 g - a scroll of immolation {unknown}
 k - a scroll of random uselessness {unknown}
 l - 3 scrolls of teleportation {unknown}
 n - a scroll of identify {unknown}
Potions
 d - a potion of cure mutation
 i - a potion of invisibility
 j - a potion of might
 m - a potion of magic {unknown}
Comestibles
 c - 2 bread rations
 f - 7 chunks of flesh
 h - 2 fruits
 o - a meat ration


   Skills:
 + Level 5.2 Fighting
 + Level 5.3 Maces & Flails
 - Level 2.6 Dodging


You had 3 spell levels left.
You didn't know any spells.

Dungeon Overview and Level Annotations

Branches:
Dungeon (2/15)

Altars:
Trog


Innate Abilities, Weirdness & Mutations

You are too large for most types of armour.
You have tough skin (AC +1).


Message History

You closely miss the adder.
The adder is severely wounded.
* * * LOW HITPOINT WARNING * * *
You feel sick. The adder bites you.
* * * LOW HITPOINT WARNING * * *
You are more poisoned.
The adder poisons you!
It was a potion of cure mutation.
It has a very clean taste.
* * * LOW HITPOINT WARNING * * *
You feel sick. The adder bites you.
* * * LOW HITPOINT WARNING * * *
The adder misses you.
It was a potion of invisibility.
You fade into invisibility!
* * * LOW HITPOINT WARNING * * *
You feel sick. The adder barely misses you.
You are very lightly contaminated with residual magic.
It was a potion of might.
You feel very mighty all of a sudden.
You die...

#.# #.# .♣♣
#.# #.# ..♣♣
#)# #.# ..♣♣
#.# #.# ♣
♣♣♣..♣ #.#
##.##
♣.!.♣[.♣♣##.#
##.#.#
♣.♣?♣...♣#..#
#.###.
♣.)S♣...♣#.##
#..#.# .
♣@♣....'.#
#.#.##
♣....♣....♣###
#....#
♣♣.......♣♣
#.....
♣♣♣....♣♣
#....# ♣♣♣♣♣♣
#.####
#########.#
#.........#
###########


You could see an adder.

Vanquished Creatures
  2 adders (D:2)
  2 giant geckos (D:1)
  5 bats (D:1)
  3 giant cockroaches (D:1)
  6 hobgoblins
  3 jackals (D:2)
  4 kobolds
  4 giant newts (D:1)
  5 goblins (D:1)
  4 rats
38 creatures vanquished.

Notes
Turn   | Place    | Note
--------------------------------------------------------------
     0 | D:1      | TruthSerum the Ogre Berserker began the quest for the Orb.
     0 | D:1      | Reached XP level 1. HP: 24/24 MP: 1/1
   131 | D:1      | Reached XP level 2. HP: 27/33 MP: 2/2
   329 | D:1      | Reached ** piety under Trog
   510 | D:1      | Reached XP level 3. HP: 35/40 MP: 3/3
   541 | D:1      | Reached skill level 5 in Maces & Flails
  1200 | D:2      | Reached skill level 5 in Fighting
  1291 | D:2      | Found a bloodstained altar of Trog.
  1352 | D:2      | Reached XP level 4. HP: 39/50 MP: 4/4
  1377 | D:2      | HP: 2/50 [adder (1)]
  1379 | D:2      | Succumbed to an adder's poison

Action                   |  1- 3 |  4- 6 || total
-------------------------+-------+-------++-------
Melee: Mace              |   118 |    17 ||   135
  Use: Potion            |       |     3 ||     3
 Stab: Sleeping          |     1 |       ||     1
       Distracted        |     1 |       ||     1
  Eat: Chunk             |     2 |       ||     2
